AoeStats
← Not noob.Just tired.

Black Forest

509863343Analyzed
4v4 RM · 5d ago on Sep 28, 2026· 44m 32s· 8 players
Game mode
Random Map
Map size
Large (8 player)
Population
200
Speed
Normal
Resources
Standard
Victory
Conquest
Starting age
Dark Age
Ending age
Imperial Age
RankedLock teamsTeams togetherTeam positionsShared explorationLock speedFull tech treeHidden civsTurbo modeCheats
Victory
Defeat
🇦🇷 Burmese · Argentina
1578
+14
🇨🇳 Hindustanis · China
1557
+15
🇨🇳 Bulgarians · China
1472
+18
🇨🇳 Britons · China
1434
+19
🇫🇷 Khitans · France
1548
-18
🇨🇿 Spanish · Czechia
1530
-17
🇧🇪 Byzantines · Belgium
1513
-16
🇭🇰 Lithuanians · Hong Kong SAR China
1495
-15
JanVerplanken
0:59 Loom
10:35 Feudal Age
11:40 Double-Bit Axe
14:18 Horse Collar
16:58 Fletching
20:47 Castle Age
18:57 Gold Mining
27:05 Imperial Age
27:44 Bow Saw
28:49 Chemistry
28:06 Block Printing
28:41 Sanctity
29:45 Fervor
30:24 Gold Shaft Mining
30:40 Fortified Wall
32:31 Illumination
32:50 Fervor
35:13 Atonement
40:13 Redemption
40:33 Bodkin Arrow
41:51 Heavy Plow
polom.s1989
0:27 Loom
5:06 Loom
11:14 Feudal Age
17:42 Castle Age
15:31 Horse Collar
16:05 Double-Bit Axe
17:02 Gold Mining
17:06 Stone Mining
18:50 Heavy Plow
19:03 Bow Saw
23:09 Wheelbarrow
28:19 Hand Cart
32:11 Imperial Age
30:19 Fletching
30:36 Town Watch
31:03 Bodkin Arrow
31:30 Ballistics
31:23 Masonry
32:01 Forging
31:52 Scale Mail Armor
31:47 Guard Tower
32:12 Squires
31:34 Pikeman
32:00 Gambesons
32:01 Arson
32:53 Bracer
33:37 Architecture
33:49 Stone Shaft Mining
32:47 Halberdier
35:06 Chemistry
34:03 Murder Holes
34:47 Keep
36:20 Two-Man Saw
36:59 Bombard Tower
37:22 Conscription
42:15 Padded Archer Armor
42:50 Iron Casting
42:31 Chain Mail Armor
42:23 Heavy Mounted Crossbowman
43:28 Leather Archer Armor
43:55 Elite Skirmisher
大平果是小菜鸡父亲
0:26 Loom
9:23 Feudal Age
12:04 Fletching
20:08 Castle Age
18:04 Double-Bit Axe
18:49 Gold Mining
19:22 Horse Collar
19:38 Town Watch
22:28 Bow Saw
23:54 Heavy Plow
25:38 Wheelbarrow
32:20 Imperial Age
30:54 Bodkin Arrow
31:00 Padded Archer Armor
31:30 Stone Mining
31:41 Crossbowman
32:49 Ballistics
32:47 Onager
34:36 Fortified Wall
36:28 Pikeman
37:09 Squires
37:56 Halberdier
39:35 Stone Shaft Mining
40:37 Guard Tower
41:13 Scale Mail Armor
41:24 Forging
41:04 Elite Skirmisher
retaux
10:18 Feudal Age
11:02 Double-Bit Axe
11:35 Domestication
14:58 Forging
22:08 Castle Age
20:11 Gold Mining
21:55 Wheelbarrow
23:02 Bow Saw
23:06 Pastoralism
25:05 Stone Mining
26:06 Hand Cart
25:37 Town Watch
25:38 Loom
31:45 Imperial Age
29:30 Scale Mail Armor
30:39 Iron Casting
31:05 Stone Shaft Mining
30:55 Ballistics
30:47 Masonry
31:41 Chain Mail Armor
31:40 Squires
31:01 Pikeman
33:25 Plate Mail Armor
33:44 Conscription
34:40 Lamellar Armor
34:46 Elite Liao Dao
36:11 Siege Engineers
37:15 Padded Archer Armor
37:05 Fletching
38:40 Chemistry
38:15 Leather Archer Armor
37:22 Elite Skirmisher
38:08 Thumb Ring
38:43 Bodkin Arrow
40:13 Ring Archer Armor
40:35 Bracer
40:44 Caravan
42:24 Town Patrol
42:27 Husbandry
43:58 Arson
Not noob.Just tired.
10:57 Feudal Age
12:08 Double-Bit Axe
14:42 Castle Age
13:21 Horse Collar
15:43 Wheelbarrow
17:14 Loom
19:20 Husbandry
23:00 Gold Mining
23:15 Heavy Plow
24:21 Bow Saw
26:14 Hand Cart
26:12 Stone Mining
28:04 Gold Shaft Mining
31:02 Imperial Age
28:48 Fletching
29:32 Bodkin Arrow
29:05 Crossbowman
30:26 Padded Archer Armor
31:08 Leather Archer Armor
31:16 Ballistics
30:40 Pikeman
31:05 Onager
33:09 Chemistry
32:11 Bracer
32:44 Ring Archer Armor
32:07 Arbalester
34:23 Yeomen
34:23 Conscription
33:49 Treadmill Crane
34:26 Guard Tower
35:48 Keep
35:57 Arrowslits
37:57 Town Watch
38:19 Siege Engineers
38:26 Masonry
38:06 Light Cavalry
38:53 Scale Barding Armor
39:50 Architecture
39:17 Cavalier
40:18 Chain Barding Armor
42:41 Plate Barding Armor
43:21 Forging
44:41 Iron Casting
45:57 Blast Furnace
Kant be real
11:23 Feudal Age
12:15 Horse Collar
15:11 Castle Age
16:04 Heavy Plow
17:59 Wheelbarrow
23:01 Stone Mining
23:01 Gold Mining
23:36 Hand Cart
26:19 Town Watch
29:05 Imperial Age
27:59 Scale Barding Armor
29:50 Chain Barding Armor
30:02 Forging
29:16 Elite Battle Elephant
30:07 Bloodlines
31:14 Chemistry
31:25 Plate Barding Armor
31:12 Loom
31:58 Ballistics
32:21 Iron Casting
32:36 Howdah
34:04 Siege Engineers
33:44 Heavy Scorpion
36:37 Blast Furnace
37:14 Caravan
Element-Dy
0:33 Loom
9:19 Feudal Age
10:34 Double-Bit Axe
10:54 Town Watch
19:45 Castle Age
17:59 Horse Collar
19:46 Stone Mining
22:55 Wheelbarrow
26:19 Hand Cart
26:53 Bow Saw
31:58 Imperial Age
30:10 Gold Mining
30:56 Stone Shaft Mining
31:03 Padded Archer Armor
31:54 Gold Shaft Mining
31:44 Leather Archer Armor
32:05 Fletching
32:19 Grand Trunk Road
33:42 Chemistry
33:04 Ballistics
33:09 Bodkin Arrow
34:07 Siege Engineers
34:12 Masonry
35:40 Two-Man Saw
37:08 Ring Archer Armor
40:59 Siege Elephant
43:35 Conscription
43:16 Shatagni
43:13 Bodkin Arrow
43:15 Murder Holes
43:30 Fortified Wall
44:03 Bracer
MrFUNAN
0:36 Loom
13:05 Feudal Age
16:52 Castle Age
29:00 Town Watch
30:10 Light Cavalry
32:18 Scale Barding Armor
33:40 Forging
35:03 Double-Bit Axe
42:35 Bloodlines
Connection lost

Rejoining the realm…

Still unreachable

The connection could not be restored.

Session expired

The server has moved on; the page needs a fresh start.